 Dungeon Crawl Stone Soup version 0.30-a0-1112-gfb780f5df6 (webtiles) character file.

Game seed: 12943430777705683880

214 retardedninja the Firebug (level 5, -3/38 HPs)
             Began as a Gnoll Fire Elementalist on Apr 19, 2023.
             Slain by a goblin
             ... wielding a +0 mace
             ... led by Robin
              (5 damage)
             ... on level 2 of the Dungeon.
             The game lasted 00:02:23 (2026 turns).

retardedninja the Firebug (Gnoll Fire Elementalist) Turns: 2026, Time: 00:02:23

Health: -3/38      AC:  2    Str:  7    XL:     5   Next: 92%
Magic:  3/12       EV: 13    Int: 17    God:
Gold:   70         SH:  0    Dex: 12    Spells: 11/14 levels left

rFire   . . .      SeeInvis .    c - +0 hand axe
rCold   . . .      Faith    .    (no shield)
rNeg    . . .      Spirit   .    a - +0 robe
rPois   .          Reflect  .    (no helmet)
rElec   .          Rampage  .    (no cloak)
rCorr   .                        (no gloves)
Will    .....                    (no boots)
Stlth   +++                      (no amulet)
HPRegen 0.26/turn                (no ring)
MPRegen 0.13/turn                (no ring)

@: flying
A: fangs 1, strong nose, distributed training
a: no special abilities


You were on level 2 of the Dungeon.
You visited 1 branch of the dungeon, and saw 2 of its levels.

You collected 70 gold pieces.

Inventory:

Hand Weapons
 c - a +0 hand axe (weapon)
Armour
 a - a +0 robe (worn)
Jewellery
 g - an amulet of guardian spirit
Scrolls
 d - a scroll of amnesia {unknown}
 e - a scroll of fog {unknown}
 f - a scroll of brand weapon {unknown}
 h - a scroll of summoning {unknown}


   Skills:
 + Level 1.8 Fighting
 + Level 1.8 Short Blades
 + Level 1.8 Long Blades
 + Level 1.8 Axes
 + Level 1.8 Maces & Flails
 + Level 1.8 Polearms
 + Level 1.8 Staves
 + Level 1.8 Ranged Weapons
 + Level 1.8 Throwing
 + Level 1.8 Armour
 + Level 4.9 Dodging
 + Level 4.5 Stealth
 + Level 1.8 Shields
 + Level 1.8 Unarmed Combat
 + Level 5.3 Spellcasting
 + Level 2.5 Conjurations
 + Level 1.4 Hexes
 + Level 1.4 Summonings
 + Level 1.4 Necromancy
 + Level 1.4 Translocations
 + Level 1.4 Transmutations
 + Level 5.6 Fire Magic
 + Level 1.4 Ice Magic
 + Level 1.4 Air Magic
 + Level 1.4 Earth Magic
 + Level 1.4 Poison Magic
 + Level 2.0 Invocations
 + Level 1.8 Evocations


You had 11 spell levels left.
You knew the following spells:

 Your Spells              Type           Power      Damage    Failure   Level
a - Foxfire               Conj/Fire      72%        2x1d7     2%          1
b - Scorch                Fire           46%        2d7       1%          2

Your spell library contained the following spells:

 Spells                   Type           Power      Damage    Failure   Level
 Inner Flame              Hex/Fire       16%        N/A       10%         3
 Volatile Blastmotes      Fire/Tloc      32%        2d12      10%         3
 Flame Wave               Conj/Fire      18%        2d7       26%         4


Dungeon Overview and Level Annotations

Branches:
Dungeon (2/15)

Altars:

Annotations:
D:2 Robin


Innate Abilities, Weirdness & Mutations

You have very sharp teeth.
Your uncanny sense of smell can sniff out nearby items.
Your experience applies equally to all skills.


Message History

You are too injured to fight recklessly!
A hobgoblin comes into view.
The goblin barely misses you. The goblin misses you.
The goblin barely misses you.
Unknown command.
Casting: Foxfire (safe; 2% risk of failure)
Confirm with . or Enter, or press ? or * to list all spells.
Flames lash Robin but do no damage.
The goblin misses you. x2
The goblin closely misses you.
Casting: Scorch (safe; 1% risk of failure)
Confirm with . or Enter, or press ? or * to list all spells.
Flames lash the goblin.
The goblin is severely wounded.
The goblin's fire resistance burns away.
The goblin hits you with a +0 mace. The goblin hits you with a +0 club. x2
An endoplasm comes into view.
Casting: Scorch (safe; 1% risk of failure)
Confirm with . or Enter, or press ? or * to list all spells.
You don't know that spell.
You barely miss the goblin. You hit the goblin. You closely miss the goblin.
The goblin barely misses you. x2; The goblin closely misses you.
You barely miss the goblin. Your punch misses the goblin. You hit the goblin.
You hit the goblin but do no damage. The goblin hits you with a +0 mace.
* * * LOW HITPOINT WARNING * * *
The goblin hits you but does no damage. The goblin closely misses you.
You hit the goblin. You punch the goblin, but do no damage.
The goblin is severely wounded.
You closely miss the goblin. x2
The goblin is no longer more vulnerable to fire.
Robin roars a battlecry!
The goblin misses you. The goblin hits you with a +0 club.
* * * LOW HITPOINT WARNING * * *
The goblin closely misses you. x2; The goblin hits you but does no damage.
The goblin hits you with a +0 mace.
* * * LOW HITPOINT WARNING * * *
It was a potion of flight.
You feel very buoyant.
You fly up into the air.
The goblin closely misses you. The goblin hits you with a +0 mace.
You die...

####....§§....#.##
#.# .....
..§....#.# #.#
##### ..§..†...#
#.# #.§.#
...>....## #.#
#.<§# ........#
#.. #§.(#
........# ##.
#.§.# #######.#


#vvv# ##g# ##### #@g# ..r.. #g## ..... #gg# ##..### #.ggg #.#gJ∆ ..#...∆ ......$
### #.... You could see Robin, an endoplasm, 3 hobgoblins and 5 goblins.

Vanquished Creatures
  Sigmund (D:1)
  An adder (D:2)
  2 worms (D:2)
  3 dart slugs
  2 ball pythons (D:1)
  3 endoplasms (D:1)
  2 giant cockroaches
  5 goblins
  2 hobgoblins (D:2)
  4 jackals (D:1)
  2 kobolds (D:1)
  3 quokkas (D:1)
  5 bats (D:1)
  3 frilled lizards (D:1)
  4 rats
42 creatures vanquished.

Vanquished Creatures (others)
  179 foxfires
179 creatures vanquished.

Grand Total: 221 creatures vanquished

Notes
Turn   | Place    | Note
-------+----------+-------------------------------------------
     0 | D:1      | retardedninja the Gnoll Fire Elementalist began the quest
                  | for the Orb.
     0 | D:1      | Reached XP level 1. HP: 13/13 MP: 6/6
   239 | D:1      | Reached XP level 2. HP: 19/19 MP: 5/7
   914 | D:1      | Reached skill level 5 in Spellcasting
   914 | D:1      | Reached XP level 3. HP: 24/25 MP: 2/9
  1234 | D:1      | Reached skill level 1 in Invocations
  1469 | D:2      | Found a faded altar of an unknown god.
  1475 | D:2      | Reached skill level 1 in Fighting
  1475 | D:2      | Reached skill level 1 in Short Blades
  1475 | D:2      | Reached skill level 1 in Long Blades
  1475 | D:2      | Reached skill level 1 in Axes
  1475 | D:2      | Reached skill level 1 in Maces & Flails
  1475 | D:2      | Reached skill level 1 in Polearms
  1475 | D:2      | Reached skill level 1 in Staves
  1475 | D:2      | Reached skill level 1 in Ranged Weapons
  1475 | D:2      | Reached skill level 1 in Throwing
  1475 | D:2      | Reached skill level 1 in Armour
  1475 | D:2      | Reached skill level 1 in Shields
  1475 | D:2      | Reached skill level 1 in Unarmed Combat
  1475 | D:2      | Reached skill level 1 in Evocations
  1571 | D:2      | Noticed Sigmund
  1730 | D:1      | Learned a level 2 spell: Scorch
  1742 | D:1      | Killed Sigmund
  1743 | D:1      | Reached skill level 1 in Hexes
  1743 | D:1      | Reached skill level 1 in Summonings
  1743 | D:1      | Reached skill level 1 in Necromancy
  1743 | D:1      | Reached skill level 1 in Translocations
  1743 | D:1      | Reached skill level 1 in Transmutations
  1743 | D:1      | Reached skill level 1 in Ice Magic
  1743 | D:1      | Reached skill level 1 in Air Magic
  1743 | D:1      | Reached skill level 1 in Earth Magic
  1743 | D:1      | Reached skill level 1 in Poison Magic
  1743 | D:1      | Reached XP level 4. HP: 13/33 MP: 8/11
  1743 | D:1      | Reached XP level 5. HP: 14/38 MP: 8/12
  2013 | D:2      | Noticed Robin
  2025 | D:2      | HP: 1/38 [goblin/+0 mace[Robin] (5)]
  2026 | D:2      | Slain by a goblin

Illustrated notes

Levels and vault maps discovered:
D:1:      scummos_arrival_checkerplants, layout_loops_ring
D:2:      layout_rooms, nicolae_ecumenical_oubliette, uniq_sigmund, uniq_robin,
          uniq_jessica

Skill      XL: |  1  2  3  4  5 |
---------------+----------------+-----
Conjurations   | 2 |  2.5
Spellcasting   | 5 |  5.3
Invocations    | 1 2 |  2.0
Fighting       | 1 |  1.8
Short Blades   | 1 |  1.8
Long Blades    | 1 |  1.8
Axes           | 1 |  1.8
Maces & Flails | 1 |  1.8
Polearms       | 1 |  1.8
Staves         | 1 |  1.8
Ranged Weapons | 1 |  1.8
Throwing       | 1 |  1.8
Armour         | 1 |  1.8
Shields        | 1 |  1.8
Unarmed Combat | 1 |  1.8
Evocations     | 1 |  1.8
Hexes          | 1 |  1.4
Summonings     | 1 |  1.4
Necromancy     | 1 |  1.4
Translocations | 1 |  1.4
Transmutations | 1 |  1.4
Ice Magic      | 1 |  1.4
Air Magic      | 1 |  1.4
Earth Magic    | 1 |  1.4
Poison Magic   | 1 |  1.4
Dodging        | |  4.9
Stealth        | |  4.5
Fire Magic     | |  5.6

Action                     |  1- 3 |  4- 6 || total
---------------------------+-------+-------++-------
  Melee: Hand axe          |     3 |     4 ||     7
         Bite              |     1 |       ||     1
         Punch             |       |     1 ||     1
   Cast: Foxfire           |   102 |    20 ||   122
         Scorch            |     5 |     2 ||     7
    Use: Potion            |     1 |     1 ||     2
 Armour: Robe              |     5 |     4 ||     9
  Dodge: Dodged            |    20 |    24 ||    44

Table legend: (Time is in decaauts)
 A = Elapsed time spent in this place.
 B = Non-inter-level travel time spent in this place.
 C = Inter-level travel time spent in this place.
 D = Time resting spent in this place.
 E = Time spent auto-exploring this place.
 F = Levels seen in this place.
 G = Mean time per level.
                   A        B        C        D        E       F      G
               +--------+--------+--------+--------+--------+-----+--------+
         Total |   2029 |   1956 |     73 |    143 |   1459 |   2 | 1014.5 |
       Dungeon |   2029 |   1956 |     73 |    143 |   1459 |   2 | 1014.5 |
               +--------+--------+--------+--------+--------+-----+--------+

Top non-repeatable levels by time:
     D:1: 1677 daAuts
     D:2: 351 daAuts
